 Dungeon Crawl Stone Soup version 0.26.0-10-g1f06aea511 (webtiles) character file.

Game seed: 3681294119827883859

329 Amaterasu the Insei (level 6, 0/38 HPs)
             Began as an Octopode Transmuter on Jan 26, 2021.
             Was an Initiate of Cheibriados.
             Slain by an orc
             ... wielding a +0 long sword
              (8 damage)
             ... on level 4 of the Dungeon.
             The game lasted 00:08:34 (4368 turns).

Amaterasu the Insei (Octopode Transmuter)           Turns: 4368, Time: 00:08:35

Health: 0/38       AC:  1    Str: 11    XL:     6   Next: 51%
Magic:  9/9        EV: 13    Int: 18    God:    Cheibriados [......]
Gold:   133        SH:  0    Dex: 13    Spells: 0/10 levels left

rFire    . . .     SeeInvis .     - Unarmed
rCold    + . .     Faith    .   (no shield)
rNeg     . . .     Spirit   .   (helmet currently unavailable)
rPois    .         Reflect  .   (no amulet)
rElec    .         Harm     .   d - ring of protection from cold
rCorr    .         Rampage  .   (no ring)
Will     .....                  (no ring)
Stlth    ++........             (no ring)
HPRegen  0.12/turn              (no ring)
MPRegen  0.11/turn              (no ring)
                                (no ring)
                                (no ring)

@: lethally poisoned (0 -> -2), appendages (expiring), very slow
A: almost no armour, stealthy swim, amphibious, 8 rings, constrict 8, tentacle
spike 3, camouflage 1, gelatinous body 1
a: End Transformation, Renounce Religion, Bend Time


You were on level 4 of the Dungeon.
You worshipped Cheibriados.
Cheibriados was noncommittal.
One of your tentacles had a temporary spike.
You visited 2 branches of the dungeon, and saw 5 of its levels.

You collected 133 gold pieces.

Inventory:

Jewellery
 d - a ring of protection from cold (left tentacle)
Wands
 j - a wand of digging (5)
 k - a wand of paralysis (2)
Scrolls
 b - 4 scrolls of remove curse
 f - a scroll of enchant armour
 h - 4 scrolls of teleportation
 m - a scroll of fog
 n - a scroll of enchant weapon
Potions
 a - a potion of berserk rage
 c - a potion of flight
 e - a potion of brilliance {unknown}
 g - 4 potions of lignification
 i - a potion of resistance
 o - a potion of magic


   Skills:
 * Level 1.4 Fighting
 * Level 2.2 Dodging
 * Level 5.5 Unarmed Combat
 - Level 2.6 Spellcasting
 * Level 3.3 Transmutations
 * Level 1.7 Poison Magic
 * Level 0.7 Invocations


You couldn't memorise any spells.
You knew the following spells:

 Your Spells              Type           Power        Failure   Level
a - Beastly Appendage     Tmut           28%          4%          1
b - Wereblood             Tmut           14%          6%          2
c - Spider Form           Tmut/Pois      5%           19%         3
d - Ice Form              Ice/Tmut       8%           63%         4

Your spell library contained the following spells:

 Spells                   Type           Power        Failure   Level
 Blade Hands              Tmut           7%           75%         5


Dungeon Overview and Level Annotations

Branches:
Dungeon (4/15)             Temple (1/1) D:4

Altars:
Cheibriados
Gozag
Nemelex Xobeh
Trog
Uskayaw
Xom
Yredelemnul


Innate Abilities, Weirdness & Mutations

You cannot wear most types of armour.
You are very stealthy in the water. (Stealth+)
You are amphibious.
You can wear up to eight rings at the same time.
You can use your tentacles to constrict eight enemies at once.
Your skin changes colour to match your surroundings (Stealth+).
Your rubbery body absorbs attacks. (AC +1, EV +1)
One of your tentacles bears a large vicious spike.


Message History

There is an open door here.
You tentacle-slap the worker ant. Your grab misses the worker ant.
You squeeze the worker ant!
You kill the worker ant!
Cheibriados appreciates the change of pace.
You feel sick.
You tentacle-slap the orc but do no damage.
You grab the orc. You constrict the orc. The orc closely misses you.
You tentacle-slap the orc. You squeeze the orc.
You kill the orc!
Cheibriados appreciates the change of pace.
You feel sick.
The orc throws a stone.
The stone hits you.
* * * LOW HITPOINT WARNING * * *
You are too injured to fight recklessly!
You tentacle-slap the orc but do no damage.
You grab the orc.
You constrict the orc, but do no damage.
The orc hits you with a +0 long sword!
You die...

.... ..... .... .....
........ .....#
#...........####......
#...........>..o......
#..........##.(.......
#.....^....##)######..
#.....>....##o##
#...........(@(#
#..............#
#.....(........#
#.....###......#
#.....# #......#
#.....# #......#
#....####......#
#####..........#
#..........#


You could see an orc.

Vanquished Creatures
  An ogre (D:4)
  Crazy Yiuf (D:3)
  2 worker ants (D:4)
  Robin (D:2)
  7 adders
  An adder zombie (D:4)
  2 worms
  3 orcs
  2 giant cockroaches
  18 goblins
  12 hobgoblins
  4 jackals (D:3)
  5 bats
  11 frilled lizards
  5 kobolds
  A quokka skeleton (D:4)
  11 rats
87 creatures vanquished.

Vanquished Creatures (others)
  A fungus (D:3)
1 creature vanquished.

Grand Total: 88 creatures vanquished

Notes
Turn   | Place    | Note
-------+----------+-------------------------------------------
     0 | D:1      | Amaterasu the Octopode Transmuter began the quest for the
                  | Orb.
     0 | D:1      | Reached XP level 1. HP: 13/13 MP: 3/3
   209 | D:1      | Reached XP level 2. HP: 18/18 MP: 5/5
   212 | D:1      | Learned a level 2 spell: Wereblood
  1397 | D:2      | Reached XP level 3. HP: 23/23 MP: 6/6
  1407 | D:2      | Learned a level 3 spell: Spider Form
  1459 | D:2      | Noticed Robin
  1494 | D:2      | Reached skill level 4 in Unarmed Combat
  1496 | D:2      | Killed Robin
  1762 | D:2      | Reached XP level 4. HP: 28/28 MP: 5/7
  2732 | D:3      | Found a shimmering altar of Xom.
  2733 | D:3      | Found a shimmering altar of Xom.
  2781 | D:3      | Reached XP level 5. HP: 22/33 MP: 6/8
  2782 | D:3      | Reached skill level 5 in Unarmed Combat
  2961 | D:3      | Reached skill level 1 in Poison Magic
  3401 | D:3      | Found a basalt altar of Yredelemnul.
  3645 | D:3      | Found a runed translucent door.
  3646 | D:3      | Noticed Crazy Yiuf
  3655 | D:3      | Killed Crazy Yiuf
  3892 | D:4      | Noticed an ogre
  3994 | D:4      | Found a staircase to the Ecumenical Temple.
  4004 | Temple   | Entered the Ecumenical Temple
  4043 | Temple   | Became a worshipper of Cheibriados the Contemplative
  4274 | D:4      | Killed an ogre
  4275 | D:4      | Reached XP level 6. HP: 38/38 MP: 9/9
  4281 | D:4      | Learned a level 4 spell: Ice Form
  4368 | D:4      | Slain by an orc

Illustrated notes

Levels and vault maps discovered:
D:1:      minmay_arrival_four_houses, layout_basic, interstate_on_off
D:2:      layout_rooms, chequers_arboretum, uniq_robin
D:3:      layout_basic, marbit_many_paths, xom_redecorated,
          uniq_crazy_yiuf_cottage
D:4:      cheibrodos_greedy_goblins, layout_basic, minmay_temple_entry_waves,
          serial_shops, nicolae_shop_behind_doors, uniq_sigmund
Temple:   regret_index_temple_sphere_string

Skill      XL: |  1  2  3  4  5 |
---------------+----------------+-----
Unarmed Combat | 4 5 |  5.5
Poison Magic   | 1 |  1.7
Transmutations | 3 |  3.3
Fighting       | |  1.4
Dodging        | |  2.2
Spellcasting   | |  2.6
Invocations    | |  0.7

Action                   |  1- 3 |  4- 6 || total
-------------------------+-------+-------++-------
Melee: Unarmed           |    92 |   123 ||   215
       Constrict         |    19 |    32 ||    51
       Tentacles         |     8 |    16 ||    24
       Kick              |     7 |     9 ||    16
       Punch             |     1 |     3 ||     4
 Cast: Beastly Appendage |     6 |    11 ||    17
       Wereblood         |     3 |       ||     3
Evoke: Wand              |       |     7 ||     7
  Use: Scroll            |    10 |     6 ||    16
       Potion            |     1 |       ||     1
 Stab: Sleeping          |     5 |     6 ||    11
       Paralysed         |       |     5 ||     5
Armor: Skin              |     4 |     5 ||     9
Dodge: Dodged            |    53 |    62 ||   115
